 Dungeon Crawl Stone Soup version 0.31-a0-986-g5e6e4ef867 (webtiles) character file.

Game seed: 5039443916771487460

1998 pokeman the Thaumaturge (level 9, 0/46 (49) HPs)
             Began as a Deep Elf Hedge Wizard on Nov 15, 2023.
             Was a Follower of Vehumet.
             Succumbed to a water moccasin's poison
             ... on level 6 of the Dungeon.
             The game lasted 00:17:42 (7418 turns).

pokeman the Thaumaturge (Deep Elf Hedge Wizard)     Turns: 7418, Time: 00:17:43

HP:   0/46 (49)     AC:  2    Str:  7    XL:     9   Next: 2%
MP:   14/25         EV: 13    Int: 24    God:    Vehumet [*.....]
Gold: 299           SH:  0    Dex: 14    Spells: 21/29 levels left

rFire   . . .        A - +6 short sword of Qireugi {flame, +Blink rC+}
rCold   + . .        (no shield)
rNeg    . . .        b - +0 robe
rPois   .            c - +0 hat
rElec   .            (no cloak)
rCorr   .            (no gloves)
SInv    .            (no boots)
Will    .....        (no amulet)
Stlth   ++           (no ring)
HPRegen 0.27/turn    (no ring)
MPRegen 0.19/turn

%: no passive effects
@: lethally poisoned (0 -> -9), drained
A: no striking features
a: Renounce Religion, Evoke Blink


You were on level 6 of the Dungeon.
You worshipped Vehumet.
Vehumet was aware of your devotion.
You visited 2 branches of the dungeon, and saw 7 of its levels.
You also visited: Sewer.

You collected 299 gold pieces.

Inventory:

Hand Weapons
 A - the +6 short sword of Qireugi (weapon) {flame, +Blink rC+}
   (You found it on level 4 of the Dungeon)

   rC+:       It protects you from cold.
   +Blink:    It lets you blink.
Armour
 b - a +0 robe (worn)
 c - a +0 hat (worn)
Magical Staves
 x - a staff of fire
Jewellery
 m - a ring of ice
Wands
 o - a wand of polymorph (15)
Scrolls
 a - a scroll of enchant armour {unknown}
 f - 2 scrolls of fear {unknown}
 g - 2 scrolls of torment {unknown}
 i - 2 scrolls of noise {unknown}
 j - a scroll of brand weapon {unknown}
 k - 3 scrolls of enchant weapon {unknown}
 n - a scroll of silence {unknown}
 p - a scroll of vulnerability {unknown}
 s - 2 scrolls of teleportation {unknown}
 u - a scroll of poison {unknown}
 w - a scroll of butterflies {unknown}
 y - a scroll of immolation {unknown}
 z - 5 scrolls of identify {unknown}
 C - a scroll of revelation {unknown}
Potions
 d - a potion of magic
 e - 3 potions of might {unknown}
 h - 2 potions of berserk rage {unknown}
 l - 7 potions of curing {unknown}
 q - a potion of mutation {unknown}
 r - 2 potions of heal wounds {unknown}
 t - 3 potions of ambrosia {unknown}
 v - 2 potions of haste {unknown}
 B - a potion of lignification {unknown}
 D - a potion of degeneration {unknown}


   Skills:
 + Level 2.8 Fighting
 - Level 3.0 Armour
 - Level 3.0 Dodging
 - Level 3.0 Stealth
 * Level 10.5 Spellcasting
 + Level 5.6 Conjurations
 - Level 1.1 Summonings
 - Level 1.1 Translocations
 + Level 4.0 Fire Magic
 - Level 1.0 Air Magic
 - Level 1.2 Poison Magic
 - Level 2.0 Evocations


You had 21 spell levels left.
You knew the following spells:

 Your Spells              Type           Power      Damage    Failure   Level
a - Magic Dart            Conj           100%       1d8       1%          1
b - Mephitic Cloud        Conj/Pois/Air  25%        N/A       4%          3
c - Call Imp              Summ           34%        N/A       4%          2
d - Blink                 Tloc           34%        N/A       4%          2

Your spell library contained the following spells:

 Spells                   Type           Power      Damage    Failure   Level
 Shock                    Conj/Air       100%       1d9       1%          1
 Slow                     Hex            48%        N/A       4%          1
 Cigotuvi's Dreadful Rot  Necr/Pois/Air  32%        N/A       5%          2
 Olgreb's Toxic Radiance  Pois           18%        N/A       30%         4
 Discord                  Hex            6%         N/A       100%        8
 Ignition                 Fire           16%        3d6       100%        8


Dungeon Overview and Level Annotations

Branches:
Dungeon (6/15)             Temple (1/1) D:5           Sewer (visited)

Altars:
Ashenzari
Cheibriados
Dithmenos
Elyvilon
Fedhas
Gozag
Hepliaklqana
Kikubaaqudgha
Makhleb
Nemelex Xobeh
Okawaru
Ru
Sif Muna
Trog
Vehumet
Wu Jian
Xom
Yredelemnul
Zin
The Shining One

Annotations:
D:4 Grinder


Message History

Confirm with . or Enter, or press ? or * to list all spells.
You blink.
You feel ready to blink again.
A water moccasin comes into view.
Found a ring mail and 18 gold pieces.
Casting: Blink (safe; 4% risk of failure)
Confirm with . or Enter, or press ? or * to list all spells.
A tiny devil pulls itself out of the air.
Your cerulean imp says, "You called?"
Your cerulean imp hits the wight but does no damage.
A water moccasin comes into view.
The water moccasin moves out of view.
Found 8 stones.
Your cerulean imp hits the wight from afar with a -3 spear.
The water moccasin bites you.
* * * LOW HITPOINT WARNING * * *
Found 9 gold pieces.
The water moccasin bites you.
* * * LOW HITPOINT WARNING * * *
Casting: Call Imp (safe; 4% risk of failure)
Confirm with . or Enter, or press ? or * to list all spells.
You blink.
Casting: Blink (safe; 4% risk of failure)
Confirm with . or Enter, or press ? or * to list all spells.
A tiny devil pulls itself out of the air.
You feel ready to blink again. The water moccasin bites you.
* * * LOW HITPOINT WARNING * * *
You hit the water moccasin but do no damage.
The water moccasin barely misses you.
Your cerulean imp hits the water moccasin but does no damage.
Unknown command.
You closely miss the water moccasin. The water moccasin bites you.
* * * LOW HITPOINT WARNING * * *
The water moccasin bites you.
* * * LOW HITPOINT WARNING * * *
You are lethally poisoned!
The water moccasin poisons you!
Your cerulean imp closely misses the water moccasin.
You barely miss the water moccasin.
You die...

...)...........$...# ##....[#
....)<.$...........###......#
...............zz...##......#
............#.##............##
..)#......z.#.###...#z.......#
...##.........###.###5......#
....#.......###....#...z....#
.#......###.# ##..##...5...##
.#......# #...#.@.#####z...#
......... ....##S###.......#
...............5..#..ยง...$##
..##....................###
..##.#......#.......(...#
..[#.#...#.###.........##
...$......### ###.......#
..........


You could see a water moccasin (ally target) and a friendly cerulean imp
(summoned).

Vanquished Creatures
  Sigmund (D:2)
  Eustachio (D:4)
  Duvessa (D:4)
  A water moccasin (D:5)
  A phantom (D:5)
  A bullfrog (D:5)
  A gnoll sergeant (D:5)
  5 scorpions
  3 wights
  Dowan (D:4)
  A howler monkey (D:3)
  2 hounds (D:5)
  A jelly (D:5)
  A gnoll bouda (D:5)
  3 sleepcaps
  2 iguanas (D:5)
  3 orc wizards (D:5)
  Natasha (thrice) (D:2)
  13 gnolls
  10 adders
  2 river rats (Sewer)
  A shadow imp (D:5)
  2 ufetubi (D:4)
  4 worms
  2 dart slugs
  5 orcs (D:5)
  8 endoplasms
  4 giant cockroaches
  8 goblins
  5 hobgoblins
  4 jackals (D:3)
  4 quokkas
  11 ball pythons
  7 bats
  10 frilled lizards
  3 kobolds
  21 rats
156 creatures vanquished.

Notes
Turn   | Place    | Note
-------+----------+-------------------------------------------
     0 | D:1      | pokeman the Deep Elf Hedge Wizard began the quest for the
                  | Orb.
     0 | D:1      | Reached XP level 1. HP: 10/10 MP: 7/7
   380 | D:1      | Reached XP level 2. HP: 16/16 MP: 6/9
   543 | D:1      | Found a faded altar of an unknown god.
   807 | D:1      | Reached skill level 5 in Spellcasting
  1089 | D:2      | Reached XP level 3. HP: 20/20 MP: 8/11
  1363 | D:2      | Noticed Sigmund
  1369 | D:2      | Learned a level 3 spell: Mephitic Cloud
  1372 | D:2      | Learned a level 2 spell: Call Imp
  1375 | D:2      | Learned a level 2 spell: Blink
  1393 | D:2      | Killed Sigmund
  1394 | D:2      | Reached skill level 1 in Fighting
  1394 | D:2      | Reached skill level 1 in Armour
  1394 | D:2      | Reached skill level 6 in Spellcasting
  1394 | D:2      | Reached XP level 4. HP: 26/26 MP: 7/14
  1394 | D:2      | Reached XP level 5. HP: 30/30 MP: 7/15
  1898 | D:2      | Noticed Natasha
  1906 | D:2      | Killed Natasha
  2055 | D:2      | Noticed Natasha
  2067 | D:2      | Killed Natasha
  2068 | D:2      | Reached XP level 6. HP: 32/35 MP: 14/17
  2193 | D:2      | Noticed Natasha
  2200 | D:2      | Killed Natasha
  2347 | D:3      | Found a glowing drain.
  2380 | Sewer    | Entered a sewer
  3141 | D:3      | Reached skill level 7 in Spellcasting
  3156 | D:3      | Reached skill level 1 in Air Magic
  3319 | D:3      | Reached skill level 1 in Poison Magic
  3772 | D:4      | Noticed Grinder
  3804 | D:4      | Reached XP level 7. HP: 21/39 MP: 12/20
  4107 | D:4      | Identified the +6 short sword of Qireugi {flame, +Blink
                  | rC+}
  4283 | D:4      | Noticed Duvessa
  4283 | D:4      | Noticed Dowan
  4316 | D:4      | Killed Duvessa
  4317 | D:4      | Reached skill level 1 in Fire Magic
  4317 | D:4      | Reached skill level 1 in Evocations
  4329 | D:4      | Killed Dowan
  4330 | D:4      | Reached skill level 8 in Spellcasting
  4443 | D:4      | Noticed Eustachio
  4469 | D:4      | Killed Eustachio
  5105 | D:5      | Entered Level 5 of the Dungeon
  5105 | D:5      | Found a staircase to the Ecumenical Temple.
  5114 | Temple   | Entered the Ecumenical Temple
  5120 | Temple   | Became a worshipper of Vehumet
  5379 | D:5      | Reached XP level 8. HP: 44/44 MP: 16/22
  5529 | D:5      | Found a shimmering blue altar of Sif Muna.
  5629 | D:5      | Reached skill level 9 in Spellcasting
  5962 | D:5      | Reached skill level 5 in Conjurations
  6768 | D:5      | Reached skill level 10 in Spellcasting
  7358 | D:6      | Reached XP level 9. HP: 45/48 MP: 19/25
  7372 | D:5      | Reached * piety under Vehumet
  7372 | D:5      | Offered knowledge of Shock by Vehumet.
  7418 | D:6      | Succumbed to a water moccasin's poison

Illustrated notes

Levels and vault maps discovered:
D:1:      ncdulo_wetmaze, layout_basic, hellmonk_ecumenical_altar_run_dry
D:2:      layout_rooms, kennysheep_cross_bottleneck, uniq_natasha, uniq_sigmund
D:3:      layout_rooms, cheibrodos_sewer_entry_bend,
          hangedman_decor_clover_reticule
D:4:      layout_basic, uniq_duvessa, uniq_eustachio, uniq_grinder
D:5:      layout_basic, tgw_sif, minmay_temple_entry_statues_pillars,
          dreamdust_mushroom_princess, minmay_increasing_density
D:6:      layout_cave_pools, serial_shops, shop, dreamdust_princess_corridor
Temple:   nicolae_temple_bog_church

Skill      XL: |  1  2  3  4  5  6  7  8 |
---------------+-------------------------+-----
Spellcasting   | 5 6 7 8 10 | 10.5
Fighting       | 1 2 |  2.8
Armour         | 1 2 3 |  3.0
Conjurations   | 2 3 4 5 |  5.6
Stealth        | 3 |  3.0
Dodging        | 3 |  3.0
Air Magic      | 1 |  1.0
Poison Magic   | 1 |  1.2
Fire Magic     | 2 4 |  4.0
Evocations     | 2 |  2.0
Summonings     | |  1.1
Translocations | |  1.1

Action                     |  1- 3 |  4- 6 |  7- 9 || total
---------------------------+-------+-------+-------++-------
  Melee: Dagger            |     8 |       |       ||     8
         Halberd           |       |    42 |     4 ||    46
         Short sword       |       |       |    93 ||    93
         Punch             |       |       |     1 ||     1
   Cast: Magic Dart        |    77 |   143 |   164 ||   384
         Mephitic Cloud    |     1 |     6 |    24 ||    31
         Call Imp          |       |     1 |     5 ||     6
         Blink             |       |       |     5 ||     5
   Stab: Sleeping          |     1 |     2 |       ||     3
         Confused          |     4 |     5 |     9 ||    18
 Armour: Robe              |     6 |    35 |    58 ||    99
  Dodge: Dodged            |    11 |    37 |    73 ||   121

Table legend: (Time is in decaauts)
 A = Elapsed time spent in this place.
 B = Non-inter-level travel time spent in this place.
 C = Inter-level travel time spent in this place.
 D = Time resting spent in this place.
 E = Time spent auto-exploring this place.
 F = Levels seen in this place.
 G = Mean time per level.
                   A        B        C        D        E       F      G
               +--------+--------+--------+--------+--------+-----+--------+
         Total |   7494 |   7118 |    376 |    139 |   5782 |   8 |  936.8 |
       Dungeon |   6846 |   6475 |    371 |    129 |   5319 |   6 | 1141.0 |
        Temple |     12 |      7 |      5 |      0 |      0 |   1 |   12.0 |
         Sewer |    635 |    635 |      0 |     10 |    463 |   1 |  635.0 |
               +--------+--------+--------+--------+--------+-----+--------+

Top non-repeatable levels by time:
     D:5: 2204 daAuts
     D:4: 1354 daAuts
     D:2: 1159 daAuts
     D:1: 1075 daAuts
     D:3: 953 daAuts
   Sewer: 635 daAuts
     D:6: 98 daAuts
  Temple: 12 daAuts
